 Dungeon Crawl Stone Soup version 0.31-a0-175-g9f7f995f2b (webtiles) character file.

Game seed: 3778252932873425701

252818 Maxmaps the Bludgeoner (level 19, -8/223 HPs)
             Began as a Demonspawn Hunter on June 17, 2023.
             Was an Initiate of Gozag.
             Mangled by a black draconian knight
             ... wielding a +0 battleaxe
              (16 damage)
             ... on level 4 of the Depths.
             The game lasted 01:13:09 (43985 turns).

Maxmaps the Bludgeoner (Demonspawn Hunter)         Turns: 43985, Time: 01:13:09

Health: -8/223     AC: 33    Str: 15    XL:     19   Next: 36%
Magic:  0/19       EV:  2    Int: 16    God:    Gozag
Gold:   2186       SH: 13    Dex: 18    Spells: 18/18 levels left

rFire   + . .        Q - +3 morningstar of Agony {vamp, rC+ rN+ Dex+2}
rCold   + + .        V - +0 kite shield
rNeg    + . .        Z - melded +9 chain mail of Day {Str+3}
rPois   +            f - melded +2 hat {Will+}
rElec   +            i - melded +1 cloak of Starlight {*Dazzle EV+4 Stlth--}
rCorr   +            E - melded +0 pair of gloves
SInv    .            e - melded +1 pair of boots
Will    +++..        C - amulet of guardian spirit
Stlth   ++           t - +5 ring of evasion
HPRegen 2.57/turn    s - ring "Giestraoca" {rElec AC+4}
MPRegen 0.16/turn

%: guardian spirit
@: mighty, brilliant, tree-form, resistant, gold aura, on berserk cooldown,
slowed, studying Ranged Weapons, very slow
A: stationary, stasis, torment immunity, boosted hp, ignite blood 3, powered by
death 3, (sharp scales 2), demonic willpower, (demonic touch 2), (fangs 1),
strong-willed 1
}: 1/15 runes: decaying
a: End Transformation, Renounce Religion, Potion Petition, Call Merchant, Bribe
Branch


You were on level 4 of the Depths.
You worshipped Gozag.
Gozag was most pleased with you.
You were a tree.
You visited 8 branches of the dungeon, and saw 35 of its levels.
You also visited: Bailey.

You collected 13237 gold pieces.
You spent 4092 gold pieces at shops.
You paid 6959 gold pieces to Gozag.

Inventory:

Hand Weapons
 w - the +3 war axe of the Threshing Goat {protect, rPois Str+3 SInv}
   (You found it on level 5 of the Lair of Beasts)

   Str:       It affects your strength (+3).
   rPois:     It protects you from poison.
   SInv:      It lets you see invisible.
 P - the +6 broad axe "Plog" {speed, Int+5}
   (You bought it in a shop on level 1 of the Lair of Beasts)

   Int:       It affects your intelligence (+5).
 Q - the +3 morningstar of Agony (weapon) {vamp, rC+ rN+ Dex+2}
   (You bought it in a shop on level 1 of the Lair of Beasts)

   Dex:       It affects your dexterity (+2).
   rC:        It protects you from cold.
   rN:        It protects you from negative energy.
Missiles
 U - a throwing net
Armour
 e - a +1 pair of boots (melded)
 f - a +2 hat of willpower (melded)
 i - the +1 cloak of Starlight (melded) {*Dazzle EV+4 Stlth--}
   (You found it in a bailey)

   *Dazzle:   It may blind those who miss an attack against the wearer in melee
   combat.
   EV:        It affects your evasion (+4).
   Stlth:     It makes you much less stealthy.
 n - the +1 plate armour of Ceelour {Stlth+}
   (You bought it in a shop on level 1 of the Lair of Beasts)

   Stlth:     It makes you more stealthy.
 E - a +0 pair of gloves (melded)
 F - a +1 leather armour of cold resistance
 V - a +0 kite shield (worn)
 Z - the +9 chain mail of Day (melded) {Str+3}
   (You bought it in a shop on level 1 of the Lair of Beasts)

   Str:       It affects your strength (+3).
Jewellery
 s - the ring "Giestraoca" (right branch) {rElec AC+4}
   (You bought it in a shop on level 1 of the Lair of Beasts)

   [ring of protection]

   AC:        It affects your AC (+4).
   rElec:     It insulates you from electricity.
 t - a +5 ring of evasion (left branch)
 y - a ring of ice
 B - a ring of willpower
 C - an amulet of guardian spirit (around neck)
 R - a ring of see invisible
 S - a ring of fire
Wands
 k - a wand of paralysis (31)
 l - a wand of mindburst (16)
 r - a wand of flame (59)
 v - a wand of light (16)
 A - a wand of polymorph (4)
 K - a wand of digging (9)
 T - a wand of iceblast (56)
Scrolls
 a - a scroll of amnesia
 b - a scroll of butterflies
 d - 8 scrolls of fog
 g - 5 scrolls of vulnerability
 m - a scroll of blinking
 G - a scroll of brand weapon
 H - 3 scrolls of fear
 J - 12 scrolls of identify
 L - 2 scrolls of silence
 M - 6 scrolls of enchant weapon
 O - 3 scrolls of enchant armour
 W - 3 scrolls of revelation
 Y - 5 scrolls of teleportation
Potions
 c - 2 potions of berserk rage
 h - 8 potions of mutation
 j - 4 potions of enlightenment
 o - 2 potions of curing
 p - 7 potions of haste
 q - 4 potions of resistance
 u - a potion of cancellation
 x - 3 potions of ambrosia
 z - 6 potions of brilliance
 D - 2 potions of might
 I - 5 potions of attraction
Miscellaneous
 N - a box of beasts
 X - a phantom mirror


   Skills:
 - Level 13.0 Fighting
 + Level 12.1(16.6) Axes
 - Level 18.3(19.6) Maces & Flails
 - Level 5.9 Ranged Weapons
 - Level 11.2 Armour
 - Level 11.3 Dodging
 - Level 0.8 Stealth
 - Level 12.6 Shields
 - Level 14.3 Evocations


You had 18 spell levels left.
You didn't know any spells.
Your spell library contained the following spells:

 Spells                   Type           Power      Damage    Failure   Level
 Apportation              Tloc           0%         N/A       45%         1
 Beastly Appendage        Tmut           0%         N/A       45%         1
 Freeze                   Ice            0%         1d3       45%         1
 Kiss of Death            Conj/Necr      0%         2d5       45%         1
 Magic Dart               Conj           0%         1d3       45%         1
 Necrotise                Necr           0%         1d4       45%         1
 Slow                     Hex            0%         N/A       45%         1
 Summon Small Mammal      Summ           0%         N/A       45%         1
 Call Imp                 Summ           0%         N/A       58%         2
 Wereblood                Tmut           0%         N/A       58%         2
 Confusing Touch          Hex            0%         N/A       83%         3
 Frozen Ramparts          Ice            0%         1d1       83%         3
 Hailstorm                Conj/Ice       0%         3d3       83%         3
 Inner Flame              Hex/Fire       0%         N/A       83%         3
 Mephitic Cloud           Conj/Pois/Air  0%         N/A       83%         3
 Portal Projectile        Hex/Tloc       0%         N/A       83%         3
 Spider Form              Tmut/Pois      0%         N/A       83%         3
 Stone Arrow              Conj/Erth      0%         3d7       83%         3
 Tukima's Dance           Hex            0%         N/A       83%         3
 Vampiric Draining        Necr           0%         2d6       83%         3
 Animate Armour           Summ/Erth      0%         N/A       99%         4
 Cause Fear               Hex            0%         N/A       99%         4
 Dispel Undead            Necr           0%         3d6       99%         4
 Flame Wave               Conj/Fire      0%         2d4       99%         4
 Sticky Flame             Conj/Fire      0%         2d3       99%         4
 Alistair's Intoxication  Tmut/Pois      0%         N/A       100%        5
 Blade Hands              Tmut           0%         N/A       100%        5
 Borgnjor's Vile Clutch   Necr/Erth      0%         N/A       100%        5
 Iskenderun's Battlesphe  Conj           0%         2d6       100%        5
 Eringya's Noxious Bog    Tmut/Pois      0%         N/A       100%        6
 Leda's Unmaking          Conj/Erth      0%         9d1       100%        6
 Dragon Form              Tmut           0%         N/A       100%        7
 Spellforged Servitor     Conj/Summ      0%         N/A       100%        7
 Lehudib's Crystal Spear  Conj/Erth      0%         10d2      100%        8
 Chain Lightning          Conj/Air       0%         N/A       100%        9
 Dragon's Call            Summ           0%         N/A       100%        9
 Fire Storm               Conj/Fire      0%         5d1       100%        9
 Shatter                  Erth           0%         3d5*      100%        9


Dungeon Overview and Level Annotations

Branches:
Dungeon (15/15)            Temple (1/1) D:4            Lair (5/5) D:11
  Swamp (4/4) Lair:2       Spider (3/4) Lair:3        Slime (0/5) Lair:5
    Orc (2/2) D:12            Elf (2/3) Orc:2        Vaults (0/5) D:14
 Depths (4/4) D:15         Bailey (visited)
    Zot: Depths:4

Altars:
Ashenzari
Cheibriados
Dithmenos
Fedhas
Gozag
Hepliaklqana
Kikubaaqudgha
Makhleb
Nemelex Xobeh
Okawaru
Qazlal
Ru
Sif Muna
Trog
Uskayaw
Vehumet
Wu Jian
Xom
Yredelemnul
Jiyva
Lugonu

Shops:
D:4 :   D:14 *   Orc:2 :(!?   Elf:1 *:   Elf:2 *   Lair:1 *[[=

Portals:
Hell: Depths:1 Depths:2
Abyss: Lair:5

Annotations:
D:9 exclusion: obsidian statue
D:10 3 runed translucent doors, ytrimaz's ghost, journeyman OgGl
Lair:2 1 runed translucent door
Elf:2 3 runed translucent doors, Louise
Depths:2 exclusion: oklob plant


Innate Abilities, Weirdness & Mutations

You are a tree.
Your roots penetrate the ground, keeping you stationary.
You cannot be teleported.
You are immune to unholy pain and torment.
Your maximum health is greatly increased.
Your equipment is partially melded.
Your demonic aura causes all spilled blood to erupt in flames.
You regenerate a lot of health from kills.
((You are mostly covered in razor-sharp scales. (AC +2, Slay +2)))
You punish those that try to bend your will. (Will+)
((Your touch may inflict irresistible damage on your foes.))
((You have very sharp teeth.))
You are strong-willed. (Will+)


Message History

The blast of cold hits you! You resist.
* * * LOW HITPOINT WARNING * * *
You hear a shout!
You puncture the ice dragon!
The ice dragon is severely wounded.
Something hits you but does no damage.
The ice dragon is engulfed in blazing flames.
You block the ice dragon's attack.
The ice dragon claws you but does no damage.
You block the ice dragon's attack.
You closely miss the ice dragon.
The ice dragon is almost dead.
A bolt of lightning appears from out of thin air!
The bolt of lightning hits you! You resist.
* * * LOW HITPOINT WARNING * * *
The bolt of lightning hits you! You resist.
* * * LOW HITPOINT WARNING * * *
The bolt of lightning hits something.
You hear a shout!
You hit the ice dragon.
You feel better.
The ice dragon is almost dead.
A hell knight comes into view.
It is wielding a +5 broad axe of flaming.
A necromancer comes into view. It is wielding a +0 dagger.
The ice dragon is engulfed in blazing flames.
You kill the ice dragon!
You cannot move.
You cannot move.
You cannot move.
Okay, then.
You are too berserk!
You cannot move.
You cannot move.
You cannot move.
You cannot move.
You swing at nothing.
You are no longer berserk.
You are exhausted.
You feel yourself slow down. Something hits you!
You die...
Your body crumbles into a pile of gold.

####'####....~~~≈≈≈
#§§....###.~~~≈≈≈≈≈ #.≈§≈≈§#
#..~~≈≈≈§≈
#.§##§.###...~≈~≈≈§
#§§##§.+.......~~§≈ ##.
#§§≈§§§##.......~≈≈
...+######§§$...##........~≈
........###{######.p.~.....~
#......# #.♣○p....p~≈~....
#......###.§#####..~≈.....
#......+....### #.#####...
+......##.....###'#####..
#.....[#..###.##......#
###+###..##.'..#......+
#..##..#..'......#
....##..##..#......#
#...###.d.#...#......#


You could see 2 hell knights and a necromancer.

Vanquished Creatures
  Jorgrun (D:15)
  Rupert (D:14)
  A walking crystal tome (Depths:1)
  Asterion (D:15)
  Gastronok (D:8)
  An ancient champion (Depths:2)
  Donald (Orc:2)
  2 fenstrider witches
  Kirke (Swamp:3)
  The ghost of Tolur the Eclecticist, an adept DEFE of Vehumet (D:15)
  4 fire giants
  A balrug (Depths:2)
  3 frost giants
  An emperor scorpion (Spider:2)
  An orc warlord (Orc:1)
  3 ghost moths (Spider:1)
  3 broodmothers
  11 very ugly things
  2 spriggan defenders
  A vampire knight (Depths:1)
  8 stone giants
  4 bunyips
  2 eleionomae (Swamp:3)
  A white draconian (Depths:4)
  Nessos (D:15)
  7 spark wasps
  A deep elf annihilator (Elf:1)
  The ghost of jasper the Bewitcher, a journeyman SpVM of Vehumet (D:13)
  A shambling mangrove (Swamp:4)
  A fire dragon (Depths:2)
  A deep elf death mage (Elf:1)
  4 ettins
  3 entropy weavers
  2 green deaths (Swamp:4)
  3 great orbs of eyes
  4 vault guards (D:14)
  5 ice dragons
  17 hydras
  2 rakshasas
  A deep elf high priest (Elf:1)
  2 jorogumos
  3 ogre magi (Orc:2)
  2 hell beasts
  2 spriggan air magi
  A death knight (D:13)
  A catoblepas (Lair:1)
  4 centaur warriors
  3 ghost crabs
  3 radroaches (Spider:1)
  7 boulder beetles
  16 dancing weapons
  11 alligators
  A two-headed ogre (shapeshifter) (D:15)
  7 two-headed ogres
  A deep troll shaman (Depths:2)
  6 death yaks (Lair:5)
  2 deep troll earth magi (Depths:1)
  7 tengu warriors
  6 thrashing horrors
  A vampire mage (Depths:4)
  8 spriggan berserkers
  Urug (Lair:2)
  Nergalle (Orc:2)
  6 demonic crawlers
  An orc high priest (Orc:1)
  4 pharaoh ants
  4 deep elf knights
  A hell knight (Depths:4)
  2 iron trolls (Depths:2)
  A titan skeleton (Depths:1)
  7 skeletal warriors
  4 goliath frogs
  2 orb spiders (Spider:1)
  4 bog bodies (Swamp:4)
  6 deep trolls
  A salamander mystic (Depths:2)
  3 spriggan druids
  2 steelbarb worms (Spider:2)
  A glowing orange brain (Depths:1)
  2 lindwurms
  Pikel (D:5)
  4 swamp dragons
  2 deep elf archers (Elf:1)
  16 wolf spiders
  19 deep elf pyromancers
  6 orc knights
  30 ugly things
  A necromancer (Depths:1)
  9 deep elf zephyrmancers
  The ghost of IYTBazzie the Stinger, a novice GnVM of Makhleb (D:5)
  4 salamanders (Depths:2)
  10 orc sorcerers
  A moth of wrath (D:15)
  5 will-o-the-wisps
  5 manticores
  6 cyclopes
  A stone giant skeleton (Depths:1)
  8 elephants
  5 black mambas
  A black mamba (shapeshifter) (Depths:4)
  2 torpor snails
  3 smoke demons (Lair:5)
  4 gargoyles
  An orange demon (Swamp:4)
  15 cane toads
  An efreet (D:13)
  A yaktaur (shapeshifter) (Elf:1)
  An unseen horror (D:10)
  12 komodo dragons
  A kobold demonologist (D:11)
  3 freezing wraiths
  6 rime drakes
  A spark wasp simulacrum (Depths:1)
  4 yaktaurs (D:15)
  3 tengu conjurers
  2 ancient zymes (Lair:5)
  11 trolls
  9 tyrant leeches
  17 tarantellas
  7 hornets
  36 blink frogs
  15 slime creatures
  3 air elementals
  A centaur simulacrum (D:15)
  10 culicivoras
  6 wyverns
  3 wraiths
  4 shadows
  2 vampires
  4 ynoxinuls
  17 jumping spiders
  3 water elementals
  5 spriggans
  An ettin skeleton (Depths:1)
  2 large abominations
  23 yaks
  A human (Lair:2)
  10 basilisks
  6 hogs (Swamp:2)
  21 redbacks
  3 steam dragons
  A chaos spawn (Lair:5)
  5 vampire mosquitoes
  5 wargs
  An acid dragon (D:11)
  15 swamp worms
  22 water moccasins
  7 swamp drakes
  An ice beast (D:5)
  32 orc warriors
  A sky beast (D:6)
  4 black bears
  15 centaurs
  9 wolves
  5 ogres
  4 lemures
  2 phantoms (D:5)
  A kobold brigand (D:11)
  6 earth elementals
  13 bullfrogs
  2 scorpions
  A gnoll sergeant (D:7)
  12 wights
  15 killer bees
  3 electric eels (Lair:3)
  A lava snake (Lair:3)
  8 crimson imps
  9 small abominations
  3 gnoll boudas
  5 hounds
  Crazy Yiuf (D:7)
  19 orc priests
  A water moccasin simulacrum (D:5)
  An iron imp (D:11)
  31 orc wizards
  A sleepcap (D:4)
  3 iguanas
  A scorpion simulacrum (D:5)
  A killer bee simulacrum (D:5)
  8 adders
  12 gnolls
  3 shadow imps
  4 white imps
  A howler monkey simulacrum (D:5)
  An ufetubus (D:6)
  A worm (D:2)
  4 dart slugs
  135 orcs
  8 endoplasms
  2 giant cockroaches
  9 goblins
  7 hobgoblins
  9 kobolds
  5 quokkas
  7 ball pythons
  9 bats
  2 frilled lizards
  5 rats
1171 creatures vanquished.

Vanquished Creatures (collateral kills)
  Mlioglotl (Swamp:3)
1 creature vanquished.

Vanquished Creatures (others)
  Nikola (Swamp:3)
  A thorn hunter (Swamp:2)
  A fire giant (Depths:2)
  Aizul (Swamp:3)
  A spriggan druid (Swamp:4)
  2 bloated husks
  2 spriggans
  3 vampire mosquitoes (Swamp:1)
  A swamp worm (Swamp:2)
  An orc wizard (Orc:2)
  An orc (D:11)
  A ball lightning (D:15)
  55 foxfires
71 creatures vanquished.

Grand Total: 1243 creatures vanquished

Notes
Turn   | Place    | Note
-------+----------+-------------------------------------------
     0 | D:1      | Maxmaps the Demonspawn Hunter began the quest for the Orb.
     0 | D:1      | Reached XP level 1. HP: 16/16 MP: 1/1
    88 | D:1      | Gained mutation: You are partially covered in razor-sharp
                  | scales. (AC +1, Slay +1) [demonic ancestry]
    88 | D:1      | Reached XP level 2. HP: 22/22 MP: 2/2
   851 | D:2      | Gained mutation: Your demonic aura sometimes causes spilled
                  | blood to erupt in flames. [demonic ancestry]
   851 | D:2      | Reached XP level 3. HP: 27/27 MP: 3/3
  1182 | D:2      | Reached skill level 5 in Ranged Weapons
  1254 | D:2      | Gained mutation: You regenerate a little health from kills.
                  | [demonic ancestry]
  1254 | D:2      | Reached XP level 4. HP: 33/33 MP: 4/4
  1902 | D:3      | Reached XP level 5. HP: 5/38 MP: 5/5
  2222 | D:3      | Identified the +10 mace "Tidez" {venom, rF+}
  2595 | D:3      | Reached skill level 1 in Maces & Flails
  2707 | D:4      | Found a staircase to the Ecumenical Temple.
  2710 | D:4      | Reached skill level 2 in Maces & Flails
  2729 | D:4      | Found Ugubleashri's Book Boutique.
  2753 | D:4      | Reached XP level 6. HP: 34/44 MP: 6/6
  2768 | D:4      | Reached skill level 3 in Maces & Flails
  2781 | Temple   | Entered the Ecumenical Temple
  2865 | Temple   | Became a worshipper of Gozag Ym Sagoz the Greedy
  3354 | D:4      | Reached skill level 4 in Maces & Flails
  3389 | D:5      | Entered Level 5 of the Dungeon
  3404 | D:4      | HP: 2/44 [orc/+0 club (3)]
  3405 | D:4      | Reached XP level 7. HP: 2/50 MP: 7/7
  3577 | D:5      | Reached skill level 5 in Maces & Flails
  3985 | D:5      | Found a runed translucent gate.
  3985 | D:5      | Found a runed translucent gate.
  3985 | D:5      | Found a runed translucent gate.
  4054 | D:5      | Noticed Pikel
  4057 | D:5      | Reached skill level 6 in Maces & Flails
  4063 | D:5      | Killed Pikel
  4064 | D:5      | Reached skill level 7 in Maces & Flails
  4064 | D:5      | Gained mutation: You regenerate health from kills. [demonic
                  | ancestry]
  4064 | D:5      | Reached XP level 8. HP: 45/56 MP: 8/8
  4193 | D:5      | Found a shadowy altar of Dithmenos.
  4248 | D:5      | Noticed IYTBazzie's ghost (novice GnVM)
  4527 | D:6      | Reached skill level 8 in Maces & Flails
  4883 | D:6      | Reached skill level 9 in Maces & Flails
  4956 | D:6      | Reached XP level 9. HP: 44/61 MP: 9/9
  5567 | D:7      | Reached skill level 10 in Maces & Flails
  6242 | D:7      | Found a runed translucent door.
  6243 | D:7      | Noticed Crazy Yiuf
  6495 | D:7      | Killed Crazy Yiuf
  6610 | D:8      | Noticed Gastronok
  6614 | D:8      | Reached skill level 11 in Maces & Flails
  6799 | D:8      | Noticed a two-headed ogre
  6804 | D:8      | Killed a two-headed ogre
  6930 | D:8      | Reached skill level 12 in Maces & Flails
  7084 | D:8      | Killed Gastronok
  7085 | D:8      | Gained mutation: Your touch may inflict minor irresistible
                  | damage on your foes. [demonic ancestry]
  7085 | D:8      | Reached XP level 10. HP: 29/67 MP: 3/10
  7281 | D:8      | Reached skill level 13 in Maces & Flails
  7865 | D:9      | Found a flagged portal.
  7903 | Bailey   | Entered a bailey
  8218 | Bailey   | Found the +1 cloak of Starlight {*Dazzle EV+4 Stlth--}
  8420 | D:9      | Noticed an obsidian statue
  8510 | D:9      | Reached skill level 14 in Maces & Flails
  8631 | D:9      | Noticed a two-headed ogre
  8635 | D:9      | Reached skill level 1 in Armour
  8645 | D:9      | Killed a two-headed ogre
  8650 | D:9      | Gained mutation: Your demonic aura often causes spilled
                  | blood to erupt in flames. [demonic ancestry]
  8650 | D:9      | Reached XP level 11. HP: 70/71 MP: 9/11
  9078 | D:10     | Entered Level 10 of the Dungeon
  9150 | D:10     | Noticed a two-headed ogre
  9157 | D:10     | Killed a two-headed ogre
  9158 | D:10     | Reached skill level 5 in Armour
  9625 | D:10     | Found a runed translucent gate.
  9625 | D:10     | Found a runed translucent gate.
  9626 | D:10     | Found a runed translucent gate.
  9626 | D:10     | Noticed ytrimaz's ghost (journeyman OgGl)
 10075 | D:10     | Found a viscous altar of Jiyva.
 10138 | D:11     | Noticed a sixfirhy
 10217 | D:11     | Found a staircase to the Lair.
 10222 | D:11     | Noticed a two-headed ogre
 10238 | D:11     | Killed a two-headed ogre
 10778 | D:11     | Gained mutation: You are mostly covered in razor-sharp
                  | scales. (AC +2, Slay +2) [demonic ancestry]
 10778 | D:11     | Reached XP level 12. HP: 78/78 MP: 12/12
 10882 | D:11     | Reached skill level 10 in Armour
 11374 | D:12     | Noticed a boulder beetle
 11384 | D:12     | Killed a boulder beetle
 11826 | D:12     | Found a staircase to the Orcish Mines.
 11961 | D:13     | Noticed a boulder beetle
 12023 | Lair:1   | Entered Level 1 of the Lair of Beasts
 12023 | Lair:1   | Noticed a catoblepas
 12030 | Lair:1   | Killed a catoblepas
 12347 | Lair:1   | Reached skill level 5 in Fighting
 12861 | Lair:2   | Noticed Urug
 12877 | Lair:2   | Killed Urug
 13252 | Lair:2   | You fall into a shaft and drop 2 floors!
 13263 | Lair:4   | Gained mutation: Your demonic aura causes all spilled blood
                  | to erupt in flames. [demonic ancestry]
 13263 | Lair:4   | Reached XP level 13. HP: 101/101 MP: 11/13
 13420 | Lair:4   | Reached skill level 10 in Fighting
 14585 | Lair:2   | Found a staircase to the Swamp.
 14774 | Lair:2   | Found a runed translucent door.
 15160 | D:5      | Killed IYTBazzie's ghost
 15606 | Lair:5   | Entered Level 5 of the Lair of Beasts
 16178 | Lair:5   | Reached skill level 5 in Dodging
 16400 | Lair:5   | Found a staircase to the Slime Pits.
 16497 | Lair:5   | Reached XP level 14. HP: 88/118 MP: 10/14
 17029 | Lair:5   | Identified the +3 war axe of the Threshing Goat {protect,
                  | rPois Str+3 SInv}
 17621 | Lair:5   | Found a corrupted altar of Lugonu.
 17621 | Lair:5   | Found a one-way gate to the infinite horrors of the Abyss.
 17913 | Orc:1    | Entered Level 1 of the Orcish Mines
 18173 | Orc:1    | Identified the +3 scimitar of the Telling Sybil {spect,
                  | rCorr Int+5 Dex-4 Stlth+}
 18404 | Orc:1    | Noticed an orc warlord
 18415 | Orc:1    | Killed an orc warlord
 18416 | Orc:1    | Reached skill level 10 in Dodging
 18760 | Orc:2    | Entered Level 2 of the Orcish Mines
 19003 | Orc:2    | Noticed Donald
 19013 | Orc:2    | Killed Donald
 19447 | D:4      | Bought a manual of Shields for 880 gold pieces
 19634 | Orc:2    | Found a staircase to the Elven Halls.
 19806 | Orc:2    | Found Iseadaam's Book Shoppe.
 20004 | Orc:2    | Found Gesigheth's Magic Scroll Emporium.
 20011 | Orc:2    | Bought a scroll of identify for 28 gold pieces
 20011 | Orc:2    | Bought a scroll of revelation for 105 gold pieces
 20027 | Orc:2    | Found an ancient bone altar of Kikubaaqudgha.
 20027 | Orc:2    | Noticed Nergalle
 20042 | Orc:2    | Killed Nergalle
 20043 | Orc:2    | Reached skill level 1 in Shields
 20075 | Orc:2    | Found a radiant altar of Vehumet.
 20127 | Orc:2    | Found Bossian's Distillery.
 20142 | Orc:2    | Found Cile Fir's Antique Weapon Emporium.
 20525 | D:13     | Reached skill level 5 in Shields
 20528 | D:13     | Gained mutation: Your touch may inflict irresistible damage
                  | on your foes. [demonic ancestry]
 20528 | D:13     | Reached XP level 15. HP: 117/123 MP: 13/15
 20562 | D:13     | Found a runed translucent gate.
 20575 | D:13     | Found a runed translucent gate.
 20575 | D:13     | Noticed jasper's ghost (journeyman SpVM)
 20576 | D:13     | Found a runed translucent gate.
 21343 | D:13     | Killed jasper's ghost
 21474 | D:14     | Identified the +2 buckler of the Arcane {+Inv Regen+ Int+3
                  | Dex-5}
 21806 | D:14     | Reached skill level 10 in Shields
 21864 | D:14     | Found a gate to the Vaults.
 22317 | D:14     | Found Rypegi's Elemental Accessories.
 22762 | D:14     | Noticed Rupert
 22782 | D:14     | Killed Rupert
 23210 | D:14     | Found a hazy altar of Hepliaklqana.
 23229 | D:15     | Entered Level 15 of the Dungeon
 23477 | D:15     | Noticed Jorgrun
 23488 | D:15     | Killed Jorgrun
 23699 | D:15     | Noticed Nessos
 23714 | D:15     | Killed Nessos
 24006 | D:15     | Reached skill level 5 in Evocations
 24093 | D:15     | Found a radiant altar of Vehumet.
 24200 | D:15     | Noticed Tolur's ghost (adept DEFE)
 24206 | D:15     | Found a transporter.
 24209 | D:15     | Found a transporter.
 24222 | D:15     | Found a bloodstained altar of Trog.
 24843 | D:15     | Found a staircase to the Depths.
 25039 | Lair:1   | Bought a polished morningstar for 351 gold pieces
 25039 | Lair:1   | Identified the +3 morningstar of Agony {vamp, rC+ rN+
                  | Dex+2} (You bought it in a shop on level 1 of the Lair of
                  | Beasts)
 25039 | Lair:1   | Bought a shimmering broad axe for 351 gold pieces
 25039 | Lair:1   | Identified the +6 broad axe "Plog" {speed, Int+5} (You
                  | bought it in a shop on level 1 of the Lair of Beasts)
 25043 | Lair:1   | Bought a pair of glowing boots for 187 gold pieces
 25056 | Lair:1   | Bought a polished chain mail for 237 gold pieces
 25056 | Lair:1   | Identified the +9 chain mail of Day {Str+3} (You bought it
                  | in a shop on level 1 of the Lair of Beasts)
 25080 | Lair:1   | Bought a distressingly furry plate armour for 728 gold
                  | pieces
 25080 | Lair:1   | Identified the +1 plate armour of Ceelour {Stlth+} (You
                  | bought it in a shop on level 1 of the Lair of Beasts)
 25080 | Lair:1   | Bought a pair of runed boots for 195 gold pieces
 25080 | Lair:1   | Bought a shiny helmet for 195 gold pieces
 25099 | Lair:1   | Bought the ring "Giestraoca" {rElec AC+4} for 650 gold
                  | pieces
 25208 | Elf:1    | Entered Level 1 of the Elven Halls
 25247 | Elf:1    | Gained mutation: You regenerate a lot of health from kills.
                  | [demonic ancestry]
 25247 | Elf:1    | Reached XP level 16. HP: 80/130 MP: 10/16
 25684 | Elf:1    | Found Cunonni's Book Emporium.
 25684 | Elf:1    | Found Wiunin's General Store.
 26289 | Elf:1    | Paralysed by an air elemental for 1 turns
 26295 | Elf:1    | Paralysed by an air elemental for 1 turns
 26307 | Elf:1    | Paralysed by an air elemental for 1 turns
 26330 | Elf:1    | Paralysed by an air elemental for 1 turns
 26506 | Elf:1    | Reached skill level 10 in Evocations
 26596 | Elf:2    | Paralysed by an air elemental for 1 turns
 26797 | Elf:2    | Found Akytasto's General Store.
 26822 | Elf:2    | Bought a scroll of teleportation for 45 gold pieces
 26933 | Elf:2    | Found a runed translucent gate.
 26934 | Elf:2    | Found a runed translucent gate.
 26934 | Elf:2    | Found a runed translucent gate.
 27421 | Elf:2    | Found a radiant altar of Vehumet.
 27614 | Elf:2    | Noticed Louise
 28131 | Swamp:1  | Entered Level 1 of the Swamp
 28949 | D:15     | Killed Tolur's ghost
 29746 | Swamp:2  | Noticed a thorn hunter
 29790 | Swamp:2  | Killed a thorn hunter
 30514 | Swamp:3  | Noticed Nikola
 30625 | Swamp:3  | Killed Nikola
 30663 | Swamp:3  | Gained mutation: You punish those that try to bend your
                  | will. (Will+) [demonic ancestry]
 30663 | Swamp:3  | Reached XP level 17. HP: 136/136 MP: 17/17
 31067 | Swamp:3  | Identified the +1 scale mail of Charity {rElec rPois rN+
                  | Int-3}
 31172 | Swamp:3  | Noticed Aizul
 31197 | Swamp:3  | Killed Aizul
 31200 | Swamp:3  | Noticed Kirke
 31204 | Swamp:3  | Noticed Mlioglotl
 31219 | Swamp:3  | Killed Mlioglotl
 31372 | Swamp:3  | Killed Kirke
 31678 | Swamp:4  | Entered Level 4 of the Swamp
 31968 | Swamp:4  | Reached skill level 15 in Maces & Flails
 32258 | Swamp:4  | Identified the +3 chain mail of the Lily {Regen+ Str+5}
 32286 | Swamp:4  | Paralysed by a hornet for 2 turns
 33138 | Swamp:4  | Reached skill level 16 in Maces & Flails
 33363 | Swamp:4  | Got a decaying rune of Zot
 34018 | Lair:3   | Found a hole to the Spider Nest.
 34154 | Lair:3   | Found a runed translucent door.
 34197 | Lair:3   | Found a runed translucent gate.
 34199 | Lair:3   | Found a runed translucent gate.
 34200 | Lair:3   | Found a runed translucent gate.
 34200 | Lair:3   | Found a runed translucent gate.
 34200 | Lair:3   | Found a runed translucent gate.
 34200 | Lair:3   | Identified the +1 whip of Xom, Smoking {speed, Int+2}
 34202 | Lair:3   | Found a runed translucent gate.
 34641 | Spider:1 | Entered Level 1 of the Spider Nest
 34682 | Spider:1 | Reached skill level 17 in Maces & Flails
 35151 | Orc:2    | Bought a scroll of teleportation for 42 gold pieces
 35151 | Orc:2    | Bought a scroll of fear for 56 gold pieces
 35151 | Orc:2    | Bought a scroll of teleportation for 42 gold pieces
 36275 | Spider:1 | Reached XP level 18. HP: 90/143 MP: 14/18
 37231 | Spider:1 | Gained mutation: Armour fits poorly on your strangely
                  | shaped body. [mutagenic glow]
 37239 | Spider:1 | Gained mutation: You are frail. (-10% HP) [mutagenic glow]
 37902 | Spider:1 | Reached skill level 18 in Maces & Flails
 37933 | Spider:1 | Gained mutation: Your body sometimes deteriorates upon
                  | taking damage. [mutagenic glow]
 38011 | Spider:1 | Lost mutation: Your body sometimes deteriorates upon taking
                  | damage. [potion of mutation]
 38011 | Spider:1 | Lost mutation: You are frail. (-10% HP) [potion of
                  | mutation]
 38011 | Spider:1 | Lost mutation: Armour fits poorly on your strangely shaped
                  | body. [potion of mutation]
 38011 | Spider:1 | Gained mutation: Your spells are a little harder to cast,
                  | but a little more powerful. [potion of mutation]
 38011 | Spider:1 | Lost mutation: Your spells are a little harder to cast, but
                  | a little more powerful. [potion of mutation]
 38011 | Spider:1 | Gained mutation: You are strong-willed. (Will+) [potion of
                  | mutation]
 38011 | Spider:1 | Gained mutation: You have very sharp teeth. [potion of
                  | mutation]
 38428 | Spider:2 | Reached skill level 1 in Axes
 39623 | Depths:1 | Entered Level 1 of the Depths
 39643 | Depths:1 | Noticed Asterion
 39809 | D:15     | Killed Asterion
 39884 | D:15     | Reached skill level 5 in Axes
 40282 | Depths:1 | Found a gateway to Hell.
 40717 | Depths:1 | Found the +8 Wrath of Trog {antimagic, *Rage Rampage}
 41529 | Depths:2 | Noticed a walking crystal tome
 41822 | Depths:1 | HP: 1/143 [fire giant/fireball (29)]
 42244 | Depths:1 | Killed a walking crystal tome
 42807 | Depths:2 | Reached skill level 10 in Axes
 42807 | Depths:2 | Reached XP level 19. HP: 149/149 MP: 19/19
 43715 | Depths:2 | You fall into a shaft and drop 2 floors!
 43715 | Depths:4 | Entered Level 4 of the Depths
 43974 | Depths:4 | HP: 11/223 [something (11)]
 43983 | Depths:4 | HP: 14/334 [something/bolt of lightning (8)]
 43983 | Depths:4 | HP: 5/334 [something/bolt of lightning (9)]
 43985 | Depths:4 | Mangled by a black draconian knight

Illustrated notes

Levels and vault maps discovered:
D:1:      dpeg_arrival_arbitrary_b, layout_basic
D:2:      layout_loops_corners, amcnicky_mini_corridor_feature,
          minmay_fractal_squares_5
D:3:      layout_loops_ring
D:4:      layout_cave_pools, minmay_temple_entry_offerings, serial_shops,
          nicolae_book_shop_shelving, minmay_close_crescents
D:5:      layout_cave_pools, nicolae_dithmenos_shadow_blocks,
          gammafunk_ghost_icy, uniq_pikel
D:6:      minmay_diamond_boxcup, layout_basic, serial_aquarium,
          aquarium_bridge_square [aquarium_subvault_wall,
          aquarium_subvault_bridge, aquarium_subvault_bridge,
          aquarium_subvault_bridge], aquarium_window_1, aquarium_window_fake,
          aquarium_view_2c, aquarium_view_2b
D:7:      layout_basic, serial_corexii_hall, chequers_hall_statues_wall_a,
          chequers_hall_statues_y, chequers_hall_statues_wall_a,
          chequers_hall_statues_wall_a, nicolae_grassy_gnolls,
          uniq_crazy_yiuf_cottage
D:8:      layout_loops_ring, uniq_gastronok
D:9:      layout_long_grid, enter_bailey_5, minivault_16,
          kennysheep_decorative_pillar, grunt_decor_junction
D:10:     layout_loops_corners, gammafunk_ghost_ooze
D:11:     layout_roguey, minmay_lair_entry_grove, special_room
          [special_room_orc], hangedman_minor_magic
D:12:     layout_cave_pools, david_orc_5, minmay_nine_imps
D:13:     layout_big_octagon, gammafunk_ghost_hydra_chop,
          chequers_serial_rivers_small_a
D:14:     layout_loops_ring, lightli_vaults_fourway_checkpoint,
          nzn_hepliaklqana_mist_gate, minmay_variable_closet,
          nicolae_elemental_shop, uniq_rupert
D:15:     gammafunk_enter_depths_forms, layout_gridville, minmay_misc_feat_x,
          gammafunk_ghost_wrathful_warriors, vehumet_crystals, uniq_jorgrun,
          uniq_nessos
Temple:   compressed_dpeg_circular_temple
Lair:1:   layout_misc_corridors
Lair:2:   layout_small_grid, swamp_mist, pdpol_lair_cabin_in_the_woods,
          grunt_megastairs_5, uniq_urug
Lair:3:   gammafunk_indiana_jones, layout_gridlike, spider_nest_entry_a,
          grunt_forest_small_clearings, serial_bayou_shore_a
Lair:4:   layout_small_grid
Lair:5:   hellmonk_lair_end_abyssal_woods, layout_gridlike, slime_entry_1,
          serial_rivers, chequers_serial_rivers_large_b,
          chequers_serial_rivers_small_a, chequers_serial_rivers_small_3,
          chequers_serial_rivers_large_a, chequers_serial_rivers_micro_a
Swamp:1:  layout_falls_marsh, nicolae_swamp_big_swirl, infiniplex_staircase_pool
Swamp:2:  layout_falls_marsh, nicolae_swamp_oxbows, swamp_pool2
Swamp:3:  layout_basic_swamp, hangedman_swamp_ruin_wall, uniq_aizul,
          uniq_mlioglotl, uniq_nikola, uniq_kirke
Swamp:4:  swamp_vile, layout_basic_swamp, swamp_pool5
Spider:1: nicolae_spider_hilbert_zone_4 [nicolae_spider_hilbert_4_sides_2_open,
          nicolae_spider_hilbert_4_sides_1_open,
          nicolae_spider_hilbert_4_sides_1_open,
          nicolae_spider_hilbert_4_sides_1_open,
          nicolae_spider_hilbert_4_sides_1_open,
          nicolae_spider_hilbert_2_sides_1_open,
          nicolae_spider_hilbert_2_sides_1_open,
          nicolae_spider_hilbert_2_sides_1_open,
          nicolae_spider_hilbert_2_sides_1_open,
          nicolae_spider_hilbert_6_sides_1_open,
          nicolae_spider_hilbert_6_sides_1_open,
          nicolae_spider_hilbert_3_sides_1_open,
          nicolae_spider_hilbert_3_sides_1_open], nicolae_spider_webs_and_nodes
Spider:2: lemuel_spider_zombies
Spider:3: layout_spider_delve
Orc:1:    layout_caves, elf_legates
Orc:2:    kennysheep_orc_mage_school, layout_diamond_mine, basic_altar,
          uniq_donald
Elf:1:    elf_arrival_001, layout_geoelf_diagonals, hangedman_elf_represent,
          minmay_shoptagon
Elf:2:    nicolae_elf_blades_crystal_corner, layout_geoelf_grid, serial_shops,
          shop, basic_altar, uniq_louise
Depths:1: layout_twisted_cross, minmay_crystal_water, pf_coc_iceberg,
          minmay_guarded_unrand_wrath_of_trog, serial_bayou_shore_b,
          infiniplex_staircase_pool_lava, uniq_asterion
Depths:2: gold_lair_mu, layout_basic, grunt_mini_vestibule,
          rand_demon_pan_entry_8, kennysheep_random_hallway,
          infiniplex_staircase_x
Depths:4: grunt_zot_entry_bicorn, layout_gridlike, enter_ziggurat_b,
          rand_demon_pan_entry_1, hell_entry, minmay_misc_feat_more_columns,
          lemuel_old_faithful, uniq_mennas

Skill      XL: |  1  2  3  4  5  6  7  8  9 10 11 12 13 14 15 16 17 18 19 |
---------------+----------------------------------------------------------+-----
Ranged Weapons | 4 5 |  5.9
Maces & Flails | 2 4 7 9 12 14 17 18 | 18.3
Armour         | 3 9 11 | 11.2
Fighting       | 9 13 | 13.0
Dodging        | 5 11 | 11.3
Shields        | 5 12 | 12.6
Evocations     | 7 14 | 14.3
Axes           | 10 12 | 12.1
Stealth        | |  0.8

Action                     |  1- 3 |  4- 6 |  7- 9 | 10-12 | 13-15 | 16-18 | 19-21 || total
---------------------------+-------+-------+-------+-------+-------+-------+-------++-------
  Melee: Mace              |       |    72 |   206 |   570 |  1211 |   462 |       ||  2521
         Punch             |       |       |     1 |     8 |    12 |       |       ||    21
         Touch             |       |       |       |   120 |   140 |       |       ||   260
         War axe           |       |       |       |       |       |   725 |       ||   725
         Morningstar       |       |       |       |       |       |  1552 |   335 ||  1887
         Broad axe         |       |       |       |       |       |    33 |       ||    33
         Bite              |       |       |       |       |       |   147 |    75 ||   222
   Fire: Shortbow          |    88 |    77 |       |       |       |       |       ||   165
 Invoke: Call Merchant     |       |       |       |       |     4 |       |       ||     4
         Potion Petition   |       |       |       |       |     1 |     5 |     2 ||     8
  Evoke: Wand              |       |       |       |       |     2 |     2 |       ||     4
         Box of beasts     |       |       |       |       |       |     2 |       ||     2
    Use: Potion            |       |       |     2 |       |     4 |    14 |       ||    20
         Scroll            |       |       |    15 |     8 |     5 |    14 |       ||    42
   Stab: Distracted        |       |       |     4 |     3 |     7 |     7 |     4 ||    25
         Invisible         |       |       |       |    20 |    30 |   110 |     6 ||   166
 Armour: Leather armour    |    19 |    18 |       |       |       |       |       ||    37
         Chain mail        |       |    62 |    86 |   180 |   414 |  1358 |    82 ||  2182
         Skin              |       |       |       |       |       |       |     7 ||     7
  Dodge: Dodged            |    17 |    74 |   116 |   368 |   877 |  2679 |   167 ||  4298
  Block: Kite shield       |       |       |       |       |   285 |  2226 |   170 ||  2681

Table legend: (Time is in decaauts)
 A = Elapsed time spent in this place.
 B = Non-inter-level travel time spent in this place.
 C = Inter-level travel time spent in this place.
 D = Time resting spent in this place.
 E = Time spent auto-exploring this place.
 F = Levels seen in this place.
 G = Mean time per level.
                   A        B        C        D        E       F      G
               +--------+--------+--------+--------+--------+-----+--------+
         Total |  43695 |  39555 |   4140 |   5526 |  24803 |  36 | 1213.8 |
       Dungeon |  18170 |  16119 |   2051 |   1844 |  11487 |  15 | 1211.3 |
        Temple |    101 |     91 |     10 |      0 |     55 |   1 |  101.0 |
          Lair |   7623 |   6507 |   1116 |    675 |   4676 |   5 | 1524.6 |
         Swamp |   4769 |   4525 |    244 |    660 |   2185 |   4 | 1192.2 |
   Spider Nest |   4212 |   4059 |    153 |    779 |   2117 |   3 | 1404.0 |
  Orcish Mines |   2091 |   1778 |    313 |    297 |   1055 |   2 | 1045.5 |
   Elven Halls |   2417 |   2254 |    163 |    296 |   1468 |   2 | 1208.5 |
        Depths |   3792 |   3704 |     88 |    928 |   1555 |   3 | 1264.0 |
        Bailey |    518 |    518 |      0 |     46 |    202 |   1 |  518.0 |
               +--------+--------+--------+--------+--------+-----+--------+

Top non-repeatable levels by time:
Spider:1: 3077 daAuts
  Lair:5: 2326 daAuts
    D:15: 2273 daAuts
Depths:1: 2012 daAuts
  Lair:2: 1904 daAuts
    D:14: 1828 daAuts
 Swamp:4: 1699 daAuts
Depths:2: 1523 daAuts
    D:11: 1506 daAuts
   Orc:2: 1427 daAuts
   Elf:1: 1343 daAuts
     D:7: 1326 daAuts
    D:12: 1273 daAuts
    D:13: 1265 daAuts
  Lair:3: 1241 daAuts
